 Dungeon Crawl Stone Soup version 0.15-a0-1909-gd9acbb9 (console) character file.

243 twoninja the Sneak (level 5, -3/29 HPs)
             Began as a Deep Elf Assassin on July 6, 2014.
             Slain by an orc
             ... wielding a +0 falchion
              (8 damage)
             ... on Level 4 of the Dungeon.
             The game lasted 00:07:04 (1228 turns).

twoninja the Sneak (Deep Elf Assassin)              Turns: 1228, Time: 00:07:04

HP  -3/29        AC  5     Str  9      XL: 5   Next: 82%
MP  10/10        EV  5     Int 16      God:
Gold 90          SH  9     Dex 16      Spells:  0 memorised,  4 levels left

rFire  . . .     SeeInvis .     b - +0 blowgun
rCold  . . .     Clarity  .     o - +0 leather armour
rNeg   . . .     rCorr    .     h - +0 large shield
rPois  .         rRot     .     l - +0 helmet
rElec  .         Spirit   .     d - +0 cloak
SustAb .         Warding  .     (no gloves)
rMut   .         Stasis   .     (no boots)
Gourm  .                        (no amulet)
MR     .....                    (no ring)
                                (no ring)

@: lethally poisoned, not resistant to hostile enchantments, fairly stealthy
A: no striking features
a: no special abilities


You were on level 4 of the Dungeon.
You were very hungry.

You visited 1 branch of the dungeon, and saw 5 of its levels.

You collected 90 gold pieces.

Inventory:

Hand weapons
 a - a +2 dagger
 b - a +0 blowgun (weapon)
Missiles
 e - 9 poisoned needles (quivered)
 f - a curare-tipped needle
Armour
 c - a +0 robe
 d - a +0 cloak (worn)
 h - a +0 large shield (worn)
 l - a +0 helmet (worn)
 o - a +0 leather armour (worn)
Comestibles
 g - a bread ration
Scrolls
 i - 3 scrolls of enchant armour {unknown}
 q - a scroll of remove curse {unknown}
 r - 2 scrolls of fear {unknown}
Potions
 j - a potion of degeneration {unknown}
 k - 2 potions of mutation {unknown}
 m - a potion of brilliance {unknown}
 n - a potion of invisibility {unknown}
 p - a potion of heal wounds {unknown}


   Skills:
 - Level 1.5 Fighting
 * Level 5.3 Short Blades
 - Level 2.1 Throwing
 - Level 1.2 Dodging
 + Level 6.4 Stealth


You had 4 spell levels left.
You didn't know any spells.

Dungeon Overview and Level Annotations

Branches:
Dungeon (5/15)
 Temple: D:4-7

Altars:
Fedhas
Gozag
Nemelex Xobeh

Annotations:
D:5 Menkaure


Message History

The iguana is lightly wounded.
You feel sick.
Firing (i - inventory. (,) - cycle):
e - 10 poisoned needles (quivered)
Press: ? - help, Shift-Dir - straight line, f/p - orc
Aim: an orc, wielding a falchion and wearing a chain mail You shoot a poisoned needle.
The poisoned needle hits the orc!
The orc is poisoned.
The orc hits you with a falchion!
* * * LOW HITPOINT WARNING * * *
Press: ? - help, v - describe, . - travel, g - get item
Here: an iguana (heavily wounded, poisoned) 4 poisoned needles.
The floor.
Unknown command.
Really attack while wielding your +0 blowgun? [Y]es or [N]o only, please.
Really attack while wielding your +0 blowgun?
You feel sick.
The iguana hisses menacingly.
The orc hits you with a falchion!
You die...

#######
#.......#
......###
#.####(##
........#
#(#
.<......#
#.#
......>.#
#.#
........#
#l#
#.###'###
#.# #.#
#.# #o#
#.# #.#
#@#
#.###.#
#.#
#...#.#
#.#
###.#.#
#.#
###.#.#
#.#
.%..#.#
#.#
.#..#.#
#.#
##..#.#
#.#
#..#.#
#.#


You could see an iguana and an orc.

Vanquished Creatures
  A hound (D:4)
  An orc priest (D:3)
  An iguana (D:4)
  3 worker ants
  An orc wizard (D:3)
  An adder (D:3)
  A giant mite (D:3)
  2 worms
  A giant gecko (D:3)
  An ooze (D:1)
  3 orcs (D:3)
  4 bats
  2 giant cockroaches
  6 goblins
  3 hobgoblins
  A giant newt (D:1)
  2 jackals (D:1)
  2 kobolds (D:1)
  A kobold zombie (D:5)
  4 rats
41 creatures vanquished.

Notes
Turn   | Place    | Note
--------------------------------------------------------------
     0 | D:1      | twoninja, the Deep Elf Assassin, began the quest for the Orb.
     0 | D:1      | Reached XP level 1. HP: 12/12 MP: 2/2
   127 | D:1      | Reached skill level 5 in Stealth
   127 | D:1      | Reached XP level 2. HP: 10/16 MP: 4/4
   448 | D:3      | Reached XP level 3. HP: 16/20 MP: 6/6
   469 | D:3      | Reached XP level 4. HP: 17/25 MP: 8/8
   667 | D:3      | Found a sparkling altar of Nemelex Xobeh.
   729 | D:4      | Found an opulent altar of Gozag.
   807 | D:4      | Reached skill level 6 in Stealth
   807 | D:4      | Reached XP level 5. HP: 19/29 MP: 10/10
   838 | D:5      | Entered Level 5 of the Dungeon
   919 | D:5      | Reached skill level 5 in Short Blades
   931 | D:5      | Found a blossoming altar of Fedhas.
   932 | D:5      | Noticed Menkaure
  1228 | D:4      | Slain by an orc

Action                   |  1- 3 |  4- 6 || total
-------------------------+-------+-------++-------
Melee: Dagger            |    70 |    67 ||   137
 Fire: Blowgun           |    10 |    39 ||    49
 Stab: Sleeping          |     6 |     3 ||     9
       Distracted        |       |     1 ||     1
